AoeStats
← Burno

Fortress

510418194Analyzed
1v1 RM · 2d ago on Sep 30, 2026· 46m 54s· 2 players
Game mode
Random Map
Map size
Small (3 player)
Population
200
Speed
Normal
Resources
Standard
Victory
Conquest
Starting age
Dark Age
Ending age
Imperial Age
RankedLock teamsTeams togetherTeam positionsShared explorationLock speedFull tech treeHidden civsTurbo modeCheats
Victory
Defeat
🇩🇪 Maya · Germany
1045
+15
🇲🇽 Portuguese · Mexico
1034
-15
Ogedei5955
1:03 Loom
8:30 Feudal Age
9:06 Double-Bit Axe
9:58 Gold Mining
13:44 Castle Age
12:01 Town Watch
12:09 Fletching
13:51 Horse Collar
14:22 Bodkin Arrow
14:39 Bow Saw
18:41 Heavy Plow
21:11 Wheelbarrow
21:04 Stone Mining
21:29 Forging
25:37 Imperial Age
24:56 Bloodlines
24:48 Husbandry
24:14 Light Cavalry
25:17 Scale Barding Armor
26:15 Stone Shaft Mining
26:19 Ballistics
26:53 Bracer
27:16 Conscription
29:46 Chemistry
30:42 Chemistry
31:02 Arquebus
34:13 Chain Barding Armor
34:29 Iron Casting
35:45 Cavalier
37:49 Plate Barding Armor
40:40 Blast Furnace
40:30 Siege Engineers
44:47 Elite Organ Gun
Burno
7:34 Feudal Age
11:20 Castle Age
10:48 Loom
11:38 Double-Bit Axe
12:57 Horse Collar
14:49 Bow Saw
17:40 Loom
18:39 Town Watch
18:50 Fletching
24:31 Imperial Age
22:47 Bodkin Arrow
24:01 Wheelbarrow
23:33 Heavy Plow
23:37 Padded Archer Armor
25:19 Bracer
25:05 Elite Plumed Archer
28:11 Leather Archer Armor
29:23 Two-Man Saw
30:35 Pikeman
31:16 Squires
31:19 Scale Mail Armor
31:29 Forging
32:03 Ballistics
34:56 Chemistry
37:34 Halberdier
38:23 Eagle Warrior
39:37 Holcans
39:45 Holcans
40:03 Elite Eagle Warrior
41:02 Chain Mail Armor
40:48 Capped Ram
42:54 Conscription
42:59 Siege Ram
46:12 Iron Casting
46:08 Plate Mail Armor
Connection lost

Rejoining the realm…

Still unreachable

The connection could not be restored.

Session expired

The server has moved on; the page needs a fresh start.